 Dungeon Crawl Stone Soup version 0.24-a0-809-g71cb82dfb8 (webtiles) character file.

Game seed: 17858585584445507096, levelgen mode: deterministic

1962 Arixos the Skirmisher (level 9, -6/72 HPs)
             Began as a Mummy Gladiator on Oct 11, 2019.
             Was an Initiate of Wu Jian.
             Mangled by Harold
             ... wielding a +0 battleaxe
              (19 damage)
             ... on level 6 of the Dungeon.
             The game lasted 00:31:51 (6929 turns).

Arixos the Skirmisher (Mummy Gladiator)             Turns: 6929, Time: 00:31:52

Health: -6/72      AC: 14    Str: 20    XL:     9   Next: 0%
Magic:  9/9        EV:  8    Int:  8    God:    Wu Jian [......]
Gold:   401        SH:  0    Dex: 13    Spells: 8/8 levels left

rFire    . . .     SeeInvis .   a - +0 quarterstaff
rCold    + . .     Gourm    .   (shield currently unavailable)
rNeg     + + +     Faith    .   f - +0 chain mail
rPois    ∞         Spirit   .   c - +0 helmet
rElec    .         Reflect  .   p - +0 cloak
rCorr    .         Harm     .   k - +1 pair of gloves
MR       +....                  (no boots)
Stlth    ..........             q - amulet of magic regeneration
HPRegen  0.22/turn              i - ring of fire
MPRegen  0.36/turn              o - ring of protection from cold

@: marked
A: no food or potions, fire vulnerability, cold resistance 1, negative energy
resistance 3, torment resistance, unbreathing
a: Renounce Religion


You were on level 6 of the Dungeon.
You worshipped Wu Jian.
Wu Jian was noncommittal.
You were not hungry.

You visited 2 branches of the dungeon, and saw 8 of its levels.

You collected 401 gold pieces.

Inventory:

Hand Weapons
 a - a +0 quarterstaff (weapon)
 d - a +0 club
Armour
 c - a +0 helmet (worn)
 f - a +0 chain mail (worn)
 k - a +1 pair of gloves (worn)
 p - a +0 cloak (worn)
Jewellery
 b - an uncursed ring of see invisible
 i - a ring of fire (left hand)
 o - a ring of protection from cold (right hand)
 q - an amulet of magic regeneration (around neck)
Wands
 l - a wand of polymorph (5)
 s - a wand of disintegration (8)
Scrolls
 e - 4 scrolls of remove curse
 g - 3 scrolls of identify
 h - 7 scrolls of teleportation
 j - 2 scrolls of blinking {unknown}
 m - 2 scrolls of enchant armour {unknown}
 n - a scroll of fog {unknown}
 r - 2 scrolls of amnesia {unknown}


   Skills:
 + Level 7.0 Fighting
 + Level 6.1 Staves
 - Level 1.5 Throwing
 + Level 5.5 Armour
 - Level 2.4 Dodging
 + Level 0.0 Evocations


You had 8 spell levels left.
You didn't know any spells.
Your spell library was empty.

Dungeon Overview and Level Annotations

Branches:
Dungeon (7/15)             Temple (1/1) D:6

Altars:
Ashenzari
Cheibriados
Dithmenos
Elyvilon
Fedhas
Hepliaklqana
Kikubaaqudgha
Makhleb
Nemelex Xobeh
Okawaru
Qazlal
Ru
Sif Muna
Trog
Uskayaw
Vehumet
Wu Jian
Xom
Yredelemnul
Zin
The Shining One

Shops:
D:4 %

Annotations:
D:4 1 runed translucent door, SlightEye's ghost, novice FoFi
D:6 Harold


Innate Abilities, Weirdness & Mutations

You do not eat or drink.
Your flesh is vulnerable to fire.
You are immune to poison.
Your flesh is cold resistant. (rC+)
You are immune to negative energy. (rN+++)
You are immune to unholy pain and torment.
You can survive without breathing.


Message History

Harold is blasted!!
You completely miss Harold.
Harold is moderately wounded.
Harold says, "Ah, this is what I got into this business for!"
Harold hits you but does no damage.
Harold hits Harold with a +0 battleaxe. x2
You sock Harold!
Harold is severely wounded.
Harold shimmers and vanishes!
Harold hits you with a +0 battleaxe.
* * * LOW HITPOINT WARNING * * *
You hit Harold but do no damage.
Harold is severely wounded.
Harold hits you with a +0 battleaxe.
* * * LOW HITPOINT WARNING * * *
You hit Harold but do no damage.
Harold is severely wounded.
You hit Harold.
Harold is severely wounded.
Harold hits you with a +0 battleaxe!!
You die...

#.#.###.# #.#.# #.#
..#.# #.# #.#.# #.#
..#.# #.#####.#.# #.#
..#.# #.......#.# #.#
..#.###########.# #.#
..#...........!.####.#
©....................#
....##################
......<...=....@@#
..#.##...#########
.+#+##...# .........#
.........# .........#
.........# .........#
........##


You could see Harold.

Vanquished Creatures
  Grinder (D:5)
  An orc warrior (D:6)
  A sky beast (D:6)
  2 ogres
  2 phantoms
  4 centaurs
  A gnoll sergeant (D:6)
  3 bullfrogs (D:6)
  A howler monkey (D:4)
  2 crimson imps
  2 hounds (D:6)
  A jelly (D:6)
  3 orc wizards
  2 bullfrog skeletons
  4 worker ants
  A hound skeleton (D:6)
  5 gnolls
  8 adders
  3 shadow imps
  3 oozes
  An adder skeleton (D:4)
  A worm (D:3)
  2 dart slugs (D:1)
  2 leopard geckos
  11 orcs
  2 giant cockroaches (D:1)
  5 goblins (D:1)
  8 hobgoblins
  7 jackals
  5 kobolds
  3 quokkas
  7 bats
  6 frilled lizards
  A giant cockroach zombie (D:6)
  A leopard gecko skeleton (D:4)
  11 rats
123 creatures vanquished.

Notes
Turn   | Place    | Note
-------+----------+-------------------------------------------
     0 | D:1      | Arixos the Mummy Gladiator began the quest for the Orb.
     0 | D:1      | Reached XP level 1. HP: 16/16 MP: 1/1
   188 | D:1      | Reached XP level 2. HP: 22/22 MP: 2/2
   443 | D:1      | Reached skill level 1 in Armour
   489 | D:1      | Reached XP level 3. HP: 18/28 MP: 3/3
  1714 | D:3      | Reached skill level 3 in Fighting
  1714 | D:3      | Reached XP level 4. HP: 31/35 MP: 4/4
  1725 | D:3      | Found a shimmering altar of Xom.
  1902 | D:3      | Reached XP level 5. HP: 36/41 MP: 5/5
  2435 | D:4      | Found Dud Ujel's Food Shop.
  2463 | D:4      | Noticed an ogre
  2858 | D:3      | Killed an ogre
  2858 | D:3      | Reached skill level 4 in Fighting
  2858 | D:3      | Reached XP level 6. HP: 23/48 MP: 6/6
  3064 | D:4      | Found a runed translucent door.
  3400 | D:4      | Found an iron altar of Okawaru.
  3655 | D:4      | Found a sparkling altar of Nemelex Xobeh.
  3722 | D:4      | Noticed SlightEye's ghost (novice FoFi)
  3947 | D:5      | Entered Level 5 of the Dungeon
  3960 | D:5      | Reached XP level 7. HP: 29/55 MP: 7/7
  4179 | D:5      | Noticed Grinder
  4187 | D:5      | Paralysed by Grinder for 7 turns
  4201 | D:5      | Paralysed by Grinder for 4 turns
  4206 | D:5      | Killed Grinder
  4206 | D:5      | Reached skill level 5 in Fighting
  5310 | D:6      | Found an ornate altar of the Wu Jian Council.
  5314 | D:6      | Found a transporter.
  5323 | D:6      | Found a transporter.
  5340 | D:6      | Reached skill level 5 in Staves
  5340 | D:6      | Reached XP level 8. HP: 53/64 MP: 8/8
  5385 | D:6      | Reached skill level 6 in Fighting
  6080 | D:6      | Reached skill level 5 in Armour
  6449 | D:6      | Found a staircase to the Ecumenical Temple.
  6470 | Temple   | Entered the Ecumenical Temple
  6747 | D:6      | Reached skill level 7 in Fighting
  6765 | D:6      | Reached XP level 9. HP: 65/72 MP: 9/9
  6789 | D:6      | Became a worshipper of the Wu Jian Council
  6906 | D:7      | Noticed Harold
  6929 | D:6      | Mangled by Harold

Levels and vault maps discovered:
D:1:      dpeg_arrival_rhombus, layout_basic, interstate_on_off,
          minmay_tetromino_i2
D:2:      layout_loops_ring
D:3:      layout_basic, tgw_xom
D:4:      layout_basic, nemelex_altar_shiori, serial_shops, shop,
          ebering_ghost_reflecting_pool, okawaru_ov_weapons_minmay
D:5:      layout_layer_cave, first_ration, kennysheep_generic_room_9,
          uniq_grinder
D:6:      layout_basic, gammafunk_temple_overflow_arena,
          minmay_temple_entry_junction_2, minmay_fractal_squares_gapless_5
D:7:      layout_gridville, nicolae_overflow_crystal_walls, uniq_harold,
          uniq_duvessa
Temple:   dpeg_five_rooms_temple

Skill      XL: |  1  2  3  4  5  6  7  8 |
---------------+-------------------------+-----
Armour         | 1 2 3 4 5 |  5.5
Staves         | 3 4 5 6 |  6.1
Fighting       | 3 4 5 7 |  7.0
Throwing       | |  1.5
Dodging        | |  2.4

Action                   |  1- 3 |  4- 6 |  7- 9 || total
-------------------------+-------+-------+-------++-------
Melee: Quarterstaff      |   131 |   163 |   285 ||   579
Throw: Throwing net      |       |     2 |       ||     2
Evoke: Wand              |       |       |     3 ||     3
       Phantom mirror    |       |       |     1 ||     1
  Use: Scroll            |       |     3 |     2 ||     5
 Stab: Held in net/web   |       |     1 |       ||     1
Armor: Leather armour    |    13 |       |       ||    13
       Chain mail        |    59 |    80 |   168 ||   307
Dodge: Dodged            |    88 |    55 |   101 ||   244

Table legend:
 A = Non-vault XP
 B = Vault XP
 C = Vault XP percentage of total XP
 D = Non-vault monster count
 E = Vault monster count
 F = Vault count percentage of total count
                 A         B        C        D         E       F
            +---------+---------+-------+---------+---------+-------
      Total |    2157 |     647 |  23.1 |     109 |      14 |  11.4
            +---------+---------+-------+---------+---------+-------
        D:1 |      51 |       2 |   3.8 |      30 |       1 |   3.2
        D:2 |      35 |       0 |   0.0 |       9 |       0 |   0.0
        D:3 |     270 |      24 |   8.2 |      20 |       5 |  20.0
        D:4 |     346 |       0 |   0.0 |      18 |       0 |   0.0
        D:5 |     334 |     258 |  43.6 |       7 |       1 |  12.5
        D:6 |    1121 |     363 |  24.5 |      25 |       7 |  21.9
            +---------+---------+-------+---------+---------+-------
